 Dungeon Crawl Stone Soup version 0.29.1-2-gbd0b4ee654 (webtiles) character file.

Game seed: 6341993416103439495

14 tevo3000 the Trooper (level 2, -2/20 HPs)
             Began as a Gargoyle Monk on Nov 27, 2022.
             Slain by a hobgoblin (4 damage)
             ... on level 1 of the Dungeon.
             The game lasted 00:01:44 (368 turns).

tevo3000 the Trooper (Gargoyle Monk)                 Turns: 368, Time: 00:01:44

Health: -2/20      AC:  4    Str: 14    XL:     2   Next: 45%
Magic:  2/2        EV: 12    Int: 10    God:
Gold:   6          SH:  0    Dex: 12    Spells: 1/1 levels left

rFire   . . .      SeeInvis .   a - +0 mace
rCold   . . .      Faith    .   (no shield)
rNeg    + . .      Spirit   .   b - +0 robe
rPois   ∞          Reflect  .   (no helmet)
rElec   +          Harm     .   (no cloak)
rCorr   .          Rampage  .   (no gloves)
Will    .....                   (no boots)
Stlth   ++........              (no amulet)
HPRegen 0.06/turn               (no ring)
MPRegen 0.08/turn               (no ring)

@: invisible
A: sickness immunity, AC +2, negative energy resistance 1, electricity
resistance, torment resistance 1, petrification resistance
a: no special abilities


You were on level 1 of the Dungeon.
You visited 1 branch of the dungeon, and saw 1 of its levels.

You collected 6 gold pieces.

Inventory:

Hand Weapons
 a - a +0 mace (weapon)
Armour
 b - a +0 robe (worn)
Scrolls
 c - a scroll of identify {unknown}
Potions
 d - a potion of invisibility


   Skills:
 * Level 3.6 Fighting
 * Level 3.3 Maces & Flails
 + Level 0.7 Armour
 - Level 2.4 Dodging
 - Level 2.1 Stealth


You had one spell level left.
You didn't know any spells.
Your spell library was empty.

Dungeon Overview and Level Annotations

Branches:
Dungeon (1/15)

Altars:


Innate Abilities, Weirdness & Mutations

You are immune to sickness and miasma.
Your stone body is resilient. (AC +2)
You are immune to poison.
You resist negative energy. (rN+)
You are resistant to electric shocks. (rElec)
You are resistant to unholy torment.
You are immune to petrification.


Message History

The bat misses you. The hobgoblin barely misses you. x2
Found a faded altar of an unknown god.
The bat closely misses you. The rat closely misses you.
The rat attacks as you move away! The rat bites you. The bat barely misses you.
The bat hits you but does no damage.
You barely miss the bat. The bat hits you but does no damage.
You hit the bat.
The bat is severely wounded.
The bat hits you. The bat barely misses you.
The bat hits you but does no damage. The hobgoblin closely misses you.
The hobgoblin hits you.
You hit the hobgoblin.
The hobgoblin is lightly wounded.
The hobgoblin hits you but does no damage. x2
The bat hits you but does no damage. The hobgoblin hits you.
The hobgoblin misses you.
You hit the hobgoblin.
You kill the hobgoblin!
The bat closely misses you.
The hobgoblin hits you but does no damage.
You closely miss the rat. The bat hits you but does no damage.
The bat misses you. The hobgoblin hits you. The rat bites you.
* * * LOW HITPOINT WARNING * * *
The rat attacks as you move away! The rat bites you but does no damage.
The bat hits you but does no damage. The bat closely misses you.
The bat barely misses you. The bat closely misses you.
The hobgoblin attacks as you move away! The hobgoblin hits you.
* * * LOW HITPOINT WARNING * * *
The hobgoblin hits you but does no damage.
You open the door. The hobgoblin barely misses you.
There is an open door here.
The hobgoblin attacks as you move away! The hobgoblin barely misses you.
It was a potion of invisibility.
You fade into invisibility!
The hobgoblin hits you.
* * * LOW HITPOINT WARNING * * *
The bat closely misses you. x2; The hobgoblin hits you.
You die...

##### . ..... # .. ...##+#######
._.#......#.. #.######.#.........
...#......#.#.#..................
.....................#...........
............#.#..................
...#..#..b#.#.######.#...........
...#).#...#.#..b@....#...........
##.#..#...#.#.#g######...........
............#.#r#..............).
.....######b#.#.#.####...........
....)# #r#....................
.....# ####'#......####..........
.....###....b####†.####..........
.............+...................
.............#####.########......


You could see a hobgoblin (unable to see you), a bat and a rat (wandering,
unable to see you).

Vanquished Creatures
  2 ball pythons (D:1)
  An endoplasm (D:1)
  2 goblins (D:1)
  3 hobgoblins (D:1)
  A quokka (D:1)
  A kobold (D:1)
  2 rats (D:1)
12 creatures vanquished.

Notes
Turn   | Place    | Note
-------+----------+-------------------------------------------
     0 | D:1      | tevo3000 the Gargoyle Monk began the quest for the Orb.
     0 | D:1      | Reached XP level 1. HP: 14/14 MP: 1/1
   215 | D:1      | Reached XP level 2. HP: 19/19 MP: 2/2
   342 | D:1      | Found a faded altar of an unknown god.
   361 | D:1      | HP: 1/20 [hobgoblin (2)]
   368 | D:1      | Slain by a hobgoblin

Illustrated notes

Levels and vault maps discovered:
D:1:      lightli_molten_gateway, layout_basic,
          hellmonk_ecumenical_altar_lost_god

Action                   || total
-------------------------++-------
Melee: Mace              ||    42
  Use: Potion            ||     2
 Stab: Sleeping          ||     1
Armor: Robe              ||    25
Dodge: Dodged            ||    57
